 Dungeon Crawl Stone Soup version 0.24-a0-640-ge7cd8ce796 (webtiles) character file.

Game seed: 10338643224873107794, levelgen mode: deterministic

39 Glalom the Poker (level 3, -8/27 HPs)
             Began as a Merfolk Skald on Sept 24, 2019.
             Killed by divine providence
             ... invoked by an orc priest
              (12 damage)
             ... on level 2 of the Dungeon.
             The game lasted 00:07:58 (1478 turns).

Glalom the Poker (Merfolk Skald)                    Turns: 1478, Time: 00:07:58

Health: -8/27      AC:  3    Str: 11    XL:     3   Next: 47%
Magic:  6/6        EV: 12    Int: 12    God:
Gold:   42         SH:  0    Dex: 14    Spells: 0/6 levels left

rFire    . . .     SeeInvis .   a - +0 spear
rCold    . . .     Gourm    .   (no shield)
rNeg     . . .     Faith    .   b - +0 leather armour
rPois    .         Spirit   .   (no helmet)
rElec    .         Reflect  .   (no cloak)
rCorr    .         Harm     .   (no gloves)
MR       .....                  (no boots)
Stlth    +.........             (no amulet)
HPRegen  0.09/turn              (no ring)
MPRegen  0.10/turn              (no ring)

@: no status effects
A: change form in water, swift swim, stealthy swim
a: no special abilities


You were on level 2 of the Dungeon.
You were not hungry.

You visited 1 branch of the dungeon, and saw 2 of its levels.

You collected 42 gold pieces.

Inventory:

Hand Weapons
 a - a +0 spear (weapon)
Armour
 b - a +0 leather armour (worn)
Jewellery
 c - a cursed -2 ring of strength {unknown}
Scrolls
 e - a scroll of fear {unknown}
 g - a scroll of fog {unknown}
 h - a scroll of identify {unknown}
Potions
 f - a potion of heal wounds {unknown}
Comestibles
 d - 3 rations


   Skills:
 - Level 2.1 Fighting
 * Level 4.7 Polearms
 - Level 0.6 Armour
 - Level 2.6 Dodging
 - Level 2.0 Spellcasting
 + Level 0.3 Hexes
 + Level 3.8 Charms


You couldn't memorise any spells.
You knew the following spells:

 Your Spells              Type           Power        Failure   Level  Hunger
a - Infusion              Chrm           ##..         8%          1    ##.....
b - Shroud of Golubria    Chrm/Tloc      #.....       24%         2    ###....
c - Spectral Weapon       Hex/Chrm       #.......     41%         3    ####...

Your spell library contained the following spells:

 Spells                   Type           Power        Failure   Level  Hunger
 Song of Slaying          Chrm           ##......     11%         2    ###....
 Regeneration             Chrm/Necr      #.........   43%         3    ####...


Dungeon Overview and Level Annotations

Branches:
Dungeon (2/15)

Altars:


Message History

The giant cockroach misses you.
The giant cockroach bites you but does no damage.
You see here a +0 short sword.
You see here 2 stones.
The giant cockroach bites you.
* * * LOW HITPOINT WARNING * * *
The jackal bites you but does no damage.
The giant cockroach closely misses you.
You see here a frilled lizard skeleton.
Items here: )) [[ a +0 short sword; a +0 leather armour; a cursed +0 war axe; a +0 chain mail The giant cockroach closely misses you.
Things that are here:
a +0 war axe; an orc skeleton The giant cockroach waves its antennae.
The giant cockroach bites you but does no damage.
The giant cockroach waves its antennae.
The orc priest mumbles some strange prayers to Beogh against you.
Beogh smites you!
You die...

#...#
#.......###........
#)>.#
#.........h..#...##
#...#
#.......###...####
##.#############(...#
####.##..)...# #....#
#....o..####.# #.####
#.##.##.####.# #.# #
#....hs.#.#####.#
####.##@....<...#
#......#######
.....###### ######


You could see an orc priest, a jackal and a giant cockroach.

Vanquished Creatures
  A dart slug (D:1)
  A leopard gecko (D:2)
  3 orcs (D:2)
  A ball python (D:2)
  A bat (D:1)
  2 giant cockroaches (D:1)
  3 goblins
  3 hobgoblins (D:1)
  5 jackals (D:2)
  3 kobolds
  3 frilled lizards
  3 rats
29 creatures vanquished.

Vanquished Creatures (others)
  4 toadstools (D:2)
4 creatures vanquished.

Grand Total: 33 creatures vanquished

Notes
Turn   | Place    | Note
-------+----------+-------------------------------------------
     0 | D:1      | Glalom the Merfolk Skald began the quest for the Orb.
     0 | D:1      | Reached XP level 1. HP: 16/16 MP: 3/3
   213 | D:1      | Reached XP level 2. HP: 22/22 MP: 5/5
   279 | D:1      | Learned a level 2 spell: Shroud of Golubria
   361 | D:1      | Reached skill level 4 in Polearms
   821 | D:2      | Reached XP level 3. HP: 4/27 MP: 1/6
  1076 | D:2      | Learned a level 3 spell: Spectral Weapon
  1478 | D:2      | Killed from afar by an orc priest

Levels and vault maps discovered:
D:1:      ebering_hopf_link, layout_rooms
D:2:      cheibrodos_fertilizer, layout_loops_cross, first_ration, uniq_natasha

Skill      XL: |  1  2 |
---------------+-------+-----
Polearms       | 4 |  4.7
Fighting       | |  2.1
Armour         | |  0.6
Dodging        | |  2.6
Spellcasting   | |  2.0
Hexes          | |  0.3
Charms         | |  3.8

Action                   || total
-------------------------++-------
Melee: Spear             ||   126
 Cast: Shroud of Golubri ||     4
       Infusion          ||     2
 Stab: Distracted        ||     1
  Eat: Chunk             ||     2
Armor: Leather armour    ||    21
Dodge: Dodged            ||    57

Table legend:
 A = Non-vault XP
 B = Vault XP
 C = Vault XP percentage of total XP
 D = Non-vault monster count
 E = Vault monster count
 F = Vault count percentage of total count
                 A         B        C        D         E       F
            +---------+---------+-------+---------+---------+-------
      Total |      57 |       0 |   0.0 |      29 |       0 |   0.0
            +---------+---------+-------+---------+---------+-------
        D:1 |      25 |       0 |   0.0 |      13 |       0 |   0.0
        D:2 |      32 |       0 |   0.0 |      16 |       0 |   0.0
            +---------+---------+-------+---------+---------+-------
